 Dungeon Crawl Stone Soup version 0.23-a0-307-gc3b755d021 (webtiles) character file.

3421 Nilun the Slasher (level 10, -2/51 HPs)
             Began as a Vine Stalker Fighter on Oct 10, 2018.
             Was an Initiate of Nemelex Xobeh.
             Killed from afar by an orc wizard (5 damage)
             ... with a magic dart
             ... on level 7 of the Dungeon.
             The game lasted 00:19:45 (6098 turns).

Nilun the Slasher (Vine Stalker Fighter)            Turns: 6098, Time: 00:19:45

Health: -2/51      AC:  7    Str: 23    XL:     10   Next: 5%
Magic:  0/12       EV: 10    Int:  8    God:    Nemelex Xobeh [......]
Gold:   520        SH: 11    Dex: 13    Spells: 9/9 levels left

rFire    . . .     SeeInvis .   a - +0 long sword
rCold    . . .     Gourm    .   c - +0 shield
rNeg     . . .     Faith    .   b - +0 scale mail
rPois    .         Spirit   +   (no helmet)
rElec    .         Reflect  .   (no cloak)
rCorr    .         Harm     .   (no gloves)
MR       +....                  (no boots)
Stlth    ..........             (no amulet)
HPRegen  0.57/turn              (no ring)
MPRegen  0.13/turn              (no ring)

@: lethally poisoned (-2 -> -3), drained
A: fangs 3, regeneration 1, magic shield, antimagic bite, no potion heal 3, rot
immunity
a: Renounce Religion


You were on level 7 of the Dungeon.
You worshipped Nemelex Xobeh.
Nemelex Xobeh was noncommittal.
You were hungry.

You visited 2 branches of the dungeon, and saw 9 of its levels.
You also visited: Sewer.

You collected 520 gold pieces.

Inventory:

Hand Weapons
 a - a +0 long sword (weapon)
Armour
 b - a +0 scale mail (worn)
 c - a +0 shield (worn)
Jewellery
 B - an uncursed ring of positive energy {unknown}
Wands
 t - a wand of acid (2)
 y - a wand of disintegration (15)
Scrolls
 h - 10 scrolls of identify {unknown}
 i - a scroll of enchant weapon {unknown}
 k - a scroll of noise {unknown}
 l - a scroll of blinking {unknown}
 m - 4 scrolls of teleportation {unknown}
 p - a scroll of remove curse {unknown}
 q - 2 scrolls of enchant armour {unknown}
 s - 2 scrolls of magic mapping {unknown}
 u - a scroll of amnesia {unknown}
Potions
 d - 4 potions of might
 e - 5 potions of curing {unknown}
 g - a potion of brilliance {unknown}
 j - 2 potions of berserk rage {unknown}
 n - 3 potions of heal wounds {unknown}
 o - a potion of mutation {unknown}
 r - 2 potions of flight {unknown}
 x - 2 potions of invisibility {unknown}
 A - a potion of lignification {unknown}
Miscellaneous
 v - a phial of floods (inert)
 w - a plain deck of summoning {drawn: 2}
 C - a plain deck of destruction {drawn: 3}
Comestibles
 f - 11 rations


   Skills:
 + Level 4.8(4.5) Fighting
 + Level 7.8(7.5) Long Blades
 + Level 5.1(4.8) Armour
 + Level 3.6(3.4) Dodging
 + Level 1.7(1.4) Stealth
 + Level 6.7(6.3) Shields
 * Level 2.3(2.0) Invocations
 + Level 0.4(0.1) Evocations


You had 9 spell levels left.
You didn't know any spells.
Your spell library contained the following spells:

 Spells                   Type           Power        Failure   Level  Hunger
 Animate Skeleton         Necr           N/A          97%         1    ##.....
 Apportation              Tloc           #.....       97%         1    ##.....
 Confusing Touch          Hex            #.....       97%         1    ##.....
 Flame Tongue             Conj/Fire      #....        97%         1    ##.....
 Summon Small Mammal      Summ           #...         97%         1    ##.....
 Throw Flame              Conj/Fire      #.....       99%         2    ###....
 Conjure Flame            Conj/Fire      #.......     100%        3    ####...
 Inner Flame              Hex/Fire       #.......     100%        3    ####...
 Sticky Flame             Conj/Fire      #.......     100%        4    #####..
 Fireball                 Conj/Fire      #.........   100%        5    ######.


Dungeon Overview and Level Annotations

Branches:
Dungeon (8/15)             Temple (1/1) D:6
   Lair: D:8-11

Altars:
Ashenzari
Cheibriados
Dithmenos
Elyvilon
Fedhas
Gozag
Hepliaklqana
Kikubaaqudgha
Makhleb
Nemelex Xobeh
Okawaru
Qazlal
Ru
Trog
Vehumet
Wu Jian
Xom
Yredelemnul
The Shining One


Innate Abilities, Weirdness & Mutations

You have razor-sharp teeth.
Your natural rate of healing is unusually fast.
When hurt, damage is shared between your health and your magic reserves.
Your bite disrupts and absorbs the magic of your enemies.
Potions cannot restore your health.
You are immune to rotting.


Message History

The orc wizard hits you but does no damage.
You block the orc's attack.
Evoke which item? (* to show all) (? for menu, Esc to quit)
You draw a card...
It is the Orb.
You have drawn the Orb.
Press: ? - help, Shift-Dir - straight line, f/p - orc wizard
Aim: an orc wizard, wielding a dagger and wearing a robe (heavily wounded, The orb of energy misses the orc wizard.
You block the orc wizard's attack. The orc wizard barely misses you.
Your hand axe of venom hits the orc.
The orc dies!
Your hand axe of venom hits the leopard gecko but does no damage.
The leopard gecko is poisoned.
The orc wizard hits you but does no damage.
The orc wizard barely misses you. You block the leopard gecko's attack.
The orc wizard casts a spell at you. The magic dart hits you!
You die...
Your body disappears without a glow.

#....#.....# ####......
##.#.......#
######......... #
#.###.....#
#.#....##...... #
#..#####.##
#.#)########### #
##...###.#### #......#
######........### ###.##.#
>.## ##._...#..o## #..##.#
#..####.##..###o># #.###.#
........##..####@###.# #.#
##..##..##..#..(l....#
#.####
.##....####.).......##
#....#### .......#
#[[......## ####....#
.>.###.# #)#......# ####.#
.### #.## #.#......## #.##
..# #..###.#.......######
#... ..##
##..##.######.......# ####
...#####.##.#######.####.#


You could see 2 orc wizards, a leopard gecko and a friendly hand axe of venom.

Vanquished Creatures
  A water moccasin (D:5)
  2 sky beasts
  2 ice beasts
  An orc warrior (D:7)
  5 ogres
  2 phantoms
  A black bear (D:7)
  2 centaurs
  A big kobold (Sewer)
  3 bullfrogs
  3 scorpions
  5 wights (D:7)
  6 crimson imps
  A bullfrog zombie (D:6)
  6 hounds
  3 orc wizards
  6 orc priests
  A bullfrog skeleton (D:7)
  A centaur skeleton (D:6)
  Jessica (D:2)
  2 iguanas
  5 worker ants
  A hound skeleton (D:5)
  A worker ant zombie (D:6)
  4 gnolls
  15 adders
  2 river rats (Sewer)
  2 shadow imps (D:6)
  2 oozes
  An adder skeleton (D:6)
  An adder zombie (D:6)
  6 worms
  A dart slug (D:1)
  3 leopard geckos
  23 orcs
  11 bats
  8 giant cockroaches
  6 goblins
  7 hobgoblins
  11 jackals
  4 quokkas
  A ball python (D:5)
  10 frilled lizards
  A jackal zombie (D:7)
  9 kobolds
  A leopard gecko skeleton (D:5)
  2 quokka skeletons
  2 quokka zombies
  9 rats
204 creatures vanquished.

Vanquished Creatures (collateral kills)
  Menkaure (D:5)
  An orc (D:7)
2 creatures vanquished.

Grand Total: 206 creatures vanquished

Notes
Turn   | Place    | Note
-------+----------+-------------------------------------------
     0 | D:1      | Nilun the Vine Stalker Fighter began the quest for the Orb.
     0 | D:1      | Reached XP level 1. HP: 11/11 MP: 2/2
   181 | D:1      | Reached skill level 2 in Long Blades
   181 | D:1      | Reached XP level 2. HP: 12/16 MP: 3/3
   512 | D:1      | Reached XP level 3. HP: 19/19 MP: 4/4
   801 | D:2      | Noticed Jessica
   807 | D:2      | Killed Jessica
   812 | D:2      | Gained mutation: Your natural rate of healing is unusually
                  | fast. [Vine Stalker growth]
   812 | D:2      | Reached XP level 4. HP: 17/24 MP: 5/5
  1040 | D:2      | Reached skill level 1 in Dodging
  1305 | D:2      | Reached XP level 5. HP: 21/28 MP: 6/6
  1648 | D:3      | Reached skill level 3 in Long Blades
  1794 | D:3      | Found a glowing drain.
  1807 | Sewer    | Entered a sewer
  1817 | Sewer    | Reached XP level 6. HP: 32/32 MP: 7/7
  1917 | Sewer    | Found a white marble altar of Elyvilon.
  2581 | D:4      | Reached skill level 4 in Long Blades
  2581 | D:4      | Reached XP level 7. HP: 11/36 MP: 2/8
  2835 | D:4      | Found an iron altar of Okawaru.
  3182 | D:4      | Reached skill level 5 in Long Blades
  3252 | D:4      | Gained mutation: You have razor-sharp teeth. [Vine Stalker
                  | growth]
  3252 | D:4      | Reached XP level 8. HP: 38/42 MP: 9/9
  3264 | D:4      | Found a white marble altar of Elyvilon.
  3605 | D:5      | Entered Level 5 of the Dungeon
  3908 | D:5      | Found a shadowy altar of Dithmenos.
  4050 | D:5      | Noticed Menkaure
  4059 | D:5      | Killed Menkaure
  4059 | D:5      | Reached skill level 6 in Long Blades
  4059 | D:5      | Reached skill level 5 in Shields
  4227 | D:5      | Reached skill level 1 in Stealth
  4434 | D:6      | Reached XP level 9. HP: 38/46 MP: 8/10
  4497 | D:6      | Found an ornate altar of the Wu Jian Council.
  4632 | D:6      | Found a staircase to the Ecumenical Temple.
  4652 | Temple   | Entered the Ecumenical Temple
  4863 | Temple   | Became a worshipper of Nemelex Xobeh the Trickster
  4926 | D:6      | Received a gift from Nemelex Xobeh
  5420 | D:6      | Reached skill level 7 in Long Blades
  5420 | D:6      | Reached skill level 1 in Invocations
  5522 | D:7      | Received a gift from Nemelex Xobeh
  5526 | D:7      | Found a shattered altar of Ashenzari.
  5606 | D:7      | Found a bloodstained altar of Trog.
  5639 | D:7      | Reached skill level 5 in Armour
  5844 | D:7      | Reached XP level 10. HP: 26/51 MP: 9/12
  6095 | D:7      | HP: 2/51 [orc wizard/dagger (1)]
  6098 | D:7      | Killed from afar by an orc wizard

Vault maps used:
D:1:      evilmike_arrival_run_for_it, st_stairs_3
D:2:      uniq_jessica
D:3:      minmay_diamond_boxcup, cheibrodos_sewer_entry_bend, first_ration
D:4:      elyvilon_altar_5, okawaru_gym_becter
D:5:      lemuel_round_altar, minmay_bent, uniq_menkaure
D:6:      kennysheep_mini, minmay_temple_entry_overgrown, serial_bayou_crossing
D:7:      ashenzari_altar_1, overflow_temple_1_default
D:8:      ebering_ghost_reflecting_pool, grunt_pizzeria
Temple:   minmay_temple_curvy_branch
Sewer:    sewer_kobolds

Skill      XL: |  1  2  3  4  5  6  7  8  9 |
---------------+----------------------------+-----
Long Blades    | 2 3 4 5 6 7 |  7.8
Shields        | 3 4 5 6 |  6.7
Fighting       | 3 4 |  4.8
Dodging        | 1 2 3 |  3.6
Armour         | 3 4 5 |  5.1
Stealth        | 1 |  1.7
Invocations    | 2 |  2.3
Evocations     | |  0.4

Action                   |  1- 3 |  4- 6 |  7- 9 | 10-12 || total
-------------------------+-------+-------+-------+-------++-------
Melee: Long sword        |    79 |   224 |   433 |    27 ||   763
       Bite              |    24 |    73 |   166 |    14 ||   277
Evoke: Phial of floods   |       |       |     1 |       ||     1
       Deck              |       |       |     2 |     3 ||     5
  Eat: Chunk             |       |     6 |    12 |       ||    18
Armor: Scale mail        |    34 |    91 |   129 |    25 ||   279
Dodge: Dodged            |    26 |    98 |   163 |    29 ||   316
Block: Shield            |    43 |   120 |   253 |    35 ||   451
       Rpst.: Long sword |    11 |    25 |    45 |    10 ||    91

Table legend:
 A = Non-vault XP
 B = Vault XP
 C = Vault XP percentage of total XP
 D = Non-vault monster count
 E = Vault monster count
 F = Vault count percentage of total count
                 A         B        C        D         E       F
            +---------+---------+-------+---------+---------+-------
      Total |    4277 |     611 |  12.5 |     171 |      35 |  17.0
            +---------+---------+-------+---------+---------+-------
        D:1 |      35 |       8 |  18.6 |      20 |       3 |  13.0
        D:2 |      94 |      37 |  28.2 |      23 |       1 |   4.2
        D:3 |     203 |      50 |  19.8 |      25 |      14 |  35.9
        D:4 |     855 |       0 |   0.0 |      25 |       0 |   0.0
        D:5 |     528 |     386 |  42.2 |       9 |       9 |  50.0
        D:6 |    1193 |       0 |   0.0 |      34 |       0 |   0.0
        D:7 |    1282 |       0 |   0.0 |      30 |       0 |   0.0
        D:8 |      87 |       0 |   0.0 |       5 |       0 |   0.0
      Sewer |       0 |     130 | 100.0 |       0 |       8 | 100.0
            +---------+---------+-------+---------+---------+-------
